Map: [ESL] Hecate

Players

Classic

  • Race: Protoss Protoss
  • Spawn Location: 7:00

DKZherO (herO) - Winner!

  • Race: Protoss Protoss
  • League: Grandmaster
  • Spawn Location: 1:00

VOD

Have the link to the VOD?

Description

Time

  • Played on: Nov. 21, 2023, 8:18 a.m.
  • Length: 7:55
Show
View Real Time Build Order
Export as new Build Order

Classic Protoss 

Build Orders: Oracle Opening, Blink Stalkers 

Get SALT Encoding   

  12  0:00  Probe  
  13  0:12  Probe  
  14  0:17  Pylon  
  14  0:24  Probe  
  15  0:36  Gateway  
  15  0:37  Probe (Chrono Boost)  
  16  0:47  Assimilator, Probe (Chrono Boost)  
  17  0:52  Probe (Chrono Boost)  
  18  1:03  Probe (Chrono Boost)  
  19  1:15  Assimilator, Probe (Chrono Boost)  
  19  1:16  Pylon  
  20  1:22  Probe (Chrono Boost)  
  20  1:23  Cybernetics Core  
  21  1:29  Probe  
  24  1:42  Probe  
  25  1:54  Probe  
  26  1:59  Stargate  
  26  2:00  Adept (Chrono Boost)  
  26  2:18  Nexus  
  26  2:26  Warp Gate  
  26  2:29  Pylon  
  26  2:30  Probe  
  26  2:43  Oracle  
  29  2:44  Probe  
  29  2:50  Stalker  
  32  2:56  Probe  
  33  3:08  Probe  
  33  3:11  Twilight Council  
  34  3:27  Probe (Chrono Boost)  
  33  3:35  Gateway  
  33  3:36  Gateway  
  33  3:37  Probe (Chrono Boost)  
  33  3:39  Probe (Chrono Boost)  
  35  3:41  Stalker  
  35  3:46  Blink (Chrono Boost)  
  35  3:47  Probe x2 (Chrono Boost)  
  39  3:52  Probe (Chrono Boost)  
  39  3:55  Probe  
  41  4:03  Probe  
  41  4:07  Probe  
  41  4:08  Gateway  
  43  4:16  Pylon, Probe  
  44  4:19  Probe  
  44  4:21  Stalker  
  47  4:31  Stalker x2  
  49  4:35  Pylon  
  50  4:39  Probe x2  
  50  4:51  Probe x2  
  50  4:52  Pylon  
  50  5:03  Stalker x3  
  50  5:06  Stalker  
  58  5:12  Assimilator  
  58  5:14  Pylon, Probe x2  
  59  5:26  Probe x2  
  58  5:44  Stalker x2  
  46  5:57  Stalker  
  38  6:19  Probe  
  38  6:21  Stalker, Pylon  
  39  6:45  Stalker x2  
  43  6:51  Stalker  
  45  6:56  Probe  
  45  7:00  Probe  
  47  7:11  Stalker  
  49  7:18  Probe x2 (Chrono Boost)  
  49  7:30  Stalker x2, Probe (Chrono Boost)  
  44  7:42  Stalker  
Show
View Real Time Build Order
Export as new Build Order

DKZherO Protoss - Winner!

Build Orders: 1 Gate Expand 

Get SALT Encoding   

  12  0:00  Probe  
  13  0:12  Probe  
  14  0:17  Pylon  
  14  0:24  Probe (Chrono Boost)  
  15  0:36  Gateway, Probe (Chrono Boost)  
  16  0:44  Probe (Chrono Boost)  
  16  0:47  Assimilator  
  17  0:50  Probe  
  18  1:03  Probe  
  19  1:04  Assimilator  
  19  1:15  Probe  
  20  1:23  Cybernetics Core  
  21  1:37  Nexus  
  20  1:44  Pylon  
  20  1:47  Probe  
  21  1:59  Stalker (Chrono Boost)  
  23  2:02  Warp Gate  
  23  2:03  Probe  
  24  2:12  Shield Battery  
  24  2:15  Probe  
  24  2:20  Stalker (Chrono Boost)  
  27  2:27  Probe  
  28  2:36  Pylon  
  28  2:40  Probe  
  28  2:41  Stalker  
  31  2:50  Probe  
  32  2:52  Probe  
  32  2:53  Gateway  
  32  2:57  Gateway  
  33  3:03  Probe (Chrono Boost)  
  34  3:08  Stalker (Chrono Boost)  
  34  3:09  Probe (Chrono Boost)  
  37  3:13  Probe (Chrono Boost)  
  37  3:17  Probe (Chrono Boost)  
  37  3:18  Probe (Chrono Boost)  
  38  3:26  Pylon  
  39  3:28  Probe  
  39  3:30  Probe  
  41  3:34  Twilight Council  
  41  3:39  Gateway  
  41  3:42  Probe  
  41  3:44  Probe  
  41  3:53  Adept x2  
  45  3:58  Probe x2  
  47  4:04  Pylon  
  47  4:11  Gateway  
  47  4:16  Stalker  
  49  4:21  Stalker  
  49  4:22  Probe  
  52  4:24  Blink (Chrono Boost)  
  52  4:36  Pylon  
  52  4:37  Probe x2  
  54  4:42  Assimilator  
  54  4:49  Probe x2  
  54  4:52  Stalker x3  
  58  4:56  Gateway  
  58  5:03  Pylon  
  58  5:15  Stalker x3  
  58  5:17  Stalker  
  58  5:19  Probe  
  67  5:23  Pylon  
  67  5:27  Robotics Facility  
  67  5:42  Pylon  
  64  5:43  Stalker x2  
  36  6:19  Stalker x2  
  36  6:23  Probe  
  36  6:24  Probe  
  42  6:42  Probe  
  42  6:43  Probe  
  42  6:45  Pylon  
  44  6:47  Pylon  
  44  6:54  Probe  
  46  7:05  Stalker x2  
  49  7:18  Stalker  
  51  7:26  Probe x2  
  51  7:29  Stalker x2  
  51  7:34  Stalker  
  49  7:40  Probe  
Tags
 
Add a new tag
Caveats
  • Supply blocks, unpowered buildings, or Contaminate may cause inaccurate times.
  • Supply counts are checked every 10 seconds.